 Dungeon Crawl Stone Soup version 0.31-a0-1002-g8e65716e6e (webtiles) character file.

Game seed: 14397677717377642113

3229 graki42 the Fighter (level 9, 0/59 HPs)
             Began as a Gargoyle Fighter on Nov 9, 2023.
             Was a Believer of Wu Jian.
             Slain by a two-headed ogre
             ... wielding a +0 giant club
              (5 damage)
             ... on level 7 of the Dungeon.
             The game lasted 00:17:11 (7341 turns).

graki42 the Fighter (Gargoyle Fighter)              Turns: 7341, Time: 00:17:12

Health: 0/59       AC: 22    Str: 24    XL:     9   Next: 98%
Magic:  9/9        EV:  7    Int:  9    God:    Wu Jian [**....]
Gold:   342        SH:  5    Dex:  9    Spells: 8/8 levels left

rFire   . . .        q - +5 whip (venom)
rCold   . . .        c - +0 buckler
rNeg    + . .        f - +0 plate armour
rPois   ∞            (no helmet)
rElec   +            r - +0 cloak
rCorr   .            (no gloves)
SInv    .            p - +0 pair of boots
Will    +....        (no amulet) Stlth
                     n - ring of willpower
HPRegen 0.29/turn    (no ring)
MPRegen 0.11/turn

%: no passive effects
@: no status effects
A: sickness immunity, AC +6, negative energy resistance 1, electricity
resistance, torment resistance 1, petrification resistance
a: Renounce Religion, Wall Jump


You were on level 7 of the Dungeon.
You worshipped Wu Jian.
Wu Jian was pleased with you.
You visited 1 branch of the dungeon, and saw 8 of its levels.

You collected 342 gold pieces.

Inventory:

Hand Weapons
 a - a +0 flail of chaos
 q - a +5 whip of venom (weapon)
Missiles
 o - 2 throwing nets
Armour
 c - a +0 buckler (worn)
 f - a +0 plate armour (worn)
 p - a +0 pair of boots (worn)
 r - a +0 cloak (worn)
Jewellery
 b - an amulet of magic regeneration
 n - a ring of willpower (left hand)
 s - an amulet of guardian spirit
Wands
 g - a wand of polymorph (8)
 w - a wand of paralysis (12)
 y - a wand of flame (16)
Scrolls
 h - 2 scrolls of fear
 t - a scroll of immolation
 v - a scroll of enchant armour {unknown}
 x - a scroll of amnesia
Potions
 d - 3 potions of might
 e - 3 potions of curing
 i - a potion of mutation
 j - a potion of enlightenment {unknown}
 k - a potion of cancellation
 l - 2 potions of haste {unknown}
 m - a potion of invisibility
 u - a potion of berserk rage
 z - a potion of heal wounds
 A - a potion of lignification {unknown}


   Skills:
 + Level 8.2 Fighting
 + Level 7.1 Maces & Flails
 + Level 8.2 Armour
 + Level 8.2 Shields


You had 8 spell levels left.
You didn't know any spells.
Your spell library contained the following spells:

 Spells                   Type           Power      Damage    Failure   Level
 Foxfire                  Conj/Fire      0%         2x1d4     99%         1
 Magic Dart               Conj           0%         1d3       99%         1
 Sandblast                Erth           0%         2d4       99%         1
 Call Imp                 Summ           0%         N/A       100%        2
 Passwall                 Tmut/Erth      0%         N/A       100%        2
 Mephitic Cloud           Conj/Pois/Air  0%         N/A       100%        3
 Stone Arrow              Conj/Erth      0%         3d7       100%        3
 Summon Guardian Golem    Hex/Summ       0%         N/A       100%        3
 Brom's Barrelling Bould  Conj/Erth      0%         2d3       100%        4
 Plasma Beam              Fire/Air       0%         2x1d10    100%        6
 Starburst                Conj/Fire      0%         6d3       100%        6
 Orb of Destruction       Conj           0%         9d5       100%        7
 Spellforged Servitor     Conj/Summ      0%         N/A       100%        7


Dungeon Overview and Level Annotations

Branches:
Dungeon (8/15)             Temple (0/1) D:4
   Lair: D:8-11

Altars:
Ashenzari
Dithmenos
Elyvilon
Fedhas
Kikubaaqudgha
Makhleb
Okawaru
Qazlal
Sif Muna
Trog
Uskayaw
Wu Jian
Zin

Annotations:
D:7 3 runed translucent doors, Pim's ghost, novice OpSh; t4s4d4r's ghost, novice DsFi


Innate Abilities, Weirdness & Mutations

You are immune to sickness and miasma.
Your stone body is resilient. (AC +6)
You are immune to poison.
You resist negative energy. (rN+)
You are resistant to electric shocks. (rElec)
You are resistant to unholy torment.
You are immune to petrification.


Message History

You climb upwards.
Level annotation: 3 runed translucent doors, Pim's ghost, novice OpSh; t4s4d4r's ghost, novice DsFi
There is a stone staircase leading down here.
You start resting.
HP restored.
You climb downwards.
The two-headed ogre hits you with a +0 giant club.
The two-headed ogre hits you but does no damage.
There is a stone staircase leading up here.
The two-headed ogre barely misses you.
The two-headed ogre hits you but does no damage.
You climb upwards.
Level annotation: 3 runed translucent doors, Pim's ghost, novice OpSh; t4s4d4r's ghost, novice DsFi
There is a stone staircase leading down here.
You barely miss the two-headed ogre.
The two-headed ogre hits you but does no damage. x2
You hit the two-headed ogre but do no damage.
The two-headed ogre is poisoned.
The two-headed ogre attacks as it pursues you!
The two-headed ogre hits you with a +0 giant club!!
The two-headed ogre hits you but does no damage.
You lunge at the two-headed ogre.
You hit the two-headed ogre.
The two-headed ogre looks even sicker.
The two-headed ogre is lightly wounded.
The two-headed ogre hits you with a +0 giant club.
The two-headed ogre hits you with a +0 dire flail.
You hit the two-headed ogre.
The two-headed ogre looks as sick as possible!
The two-headed ogre is moderately wounded.
The two-headed ogre barely misses you.
The two-headed ogre hits you but does no damage.
You barely miss the two-headed ogre.
The two-headed ogre is moderately wounded.
You whack the two-headed ogre!
The two-headed ogre looks as sick as possible!
The two-headed ogre is heavily wounded.
The two-headed ogre hits you with a +0 giant club!!
* * * LOW HITPOINT WARNING * * *
The two-headed ogre hits you with a +0 dire flail.
You die...

#.#.# #......#.......##.#
#.#.#########.####.#._.#)##.#
#.#..............#.......##.#
#............>..#.........#.##
#############.#.....8.8......#
#.#.#............#
#.#.#.8.....8....#
#O#.#............+
#@#.#.8.....8....+
#.#..............+
#.#.....8.8......#
#.#.#............#
#.#.#####.......'# #.#.#
#.......## #.#.# #.......#.
#.#.# #.......#. #####
######'##.


You could see a two-headed ogre (extremely poisoned).

Vanquished Creatures
  An unseen horror (D:7)
  A yak (D:8)
  A steam dragon (D:6)
  Duvessa (D:7)
  3 water moccasins
  A sky beast (D:6)
  An ice beast (D:7)
  2 black bears
  An ogre (D:7)
  3 centaurs
  A phantom (D:5)
  2 bullfrogs (D:7)
  A scorpion (D:5)
  9 wights
  Dowan (D:7)
  4 killer bees (D:4)
  A howler monkey (D:5)
  4 hounds
  2 gnoll boudas
  2 jellies (D:6)
  Crazy Yiuf (D:7)
  2 sleepcaps
  3 iguanas
  11 gnolls
  7 adders
  A white imp (D:3)
  3 dart slugs
  4 orcs
  A bat (D:1)
  5 endoplasms
  2 giant cockroaches
  7 goblins
  5 hobgoblins
  3 quokkas
  4 ball pythons
  3 frilled lizards
  7 kobolds
  7 rats
118 creatures vanquished.

Notes
Turn   | Place    | Note
-------+----------+-------------------------------------------
     0 | D:1      | graki42 the Gargoyle Fighter began the quest for the Orb.
     0 | D:1      | Reached XP level 1. HP: 14/14 MP: 1/1
    74 | D:1      | Reached XP level 2. HP: 18/19 MP: 2/2
   509 | D:1      | Reached XP level 3. HP: 23/23 MP: 3/3
   823 | D:2      | Found a glowing silver altar of Zin.
   944 | D:2      | Identified the +1 rapier of Ystred {distort, Drain rC++}
  1356 | D:3      | Identified the "Ocusumn"
  1408 | D:3      | Found an ancient bone altar of Kikubaaqudgha.
  1410 | D:3      | Found a stormy altar of Qazlal.
  1410 | D:3      | Found an ornate altar of the Wu Jian Council.
  1411 | D:3      | Found a broken altar of Ashenzari.
  1411 | D:3      | Found a blossoming altar of Fedhas.
  1411 | D:3      | Found a white marble altar of Elyvilon.
  1412 | D:3      | Found an iron altar of Okawaru.
  1428 | D:3      | Became a worshipper of the Wu Jian Council
  1466 | D:3      | Reached XP level 4. HP: 25/29 MP: 4/4
  1549 | D:3      | Found a bloodstained altar of Trog.
  1571 | D:3      | Found a shimmering blue altar of Sif Muna.
  2472 | D:4      | Found a shadowy altar of Dithmenos.
  2501 | D:4      | Reached XP level 5. HP: 22/33 MP: 5/5
  2784 | D:4      | Reached XP level 6. HP: 10/39 MP: 6/6
  3142 | D:4      | Found a staircase to the Ecumenical Temple.
  3186 | D:4      | Reached skill level 5 in Shields
  3250 | D:4      | Noticed a black bear
  3264 | D:4      | Killed a black bear
  3265 | D:4      | Reached skill level 5 in Fighting
  3265 | D:4      | Reached skill level 5 in Armour
  3265 | D:4      | Reached XP level 7. HP: 38/44 MP: 7/7
  3474 | D:5      | Entered Level 5 of the Dungeon
  3663 | D:5      | Reached * piety under Wu Jian
  3707 | D:5      | HP: 2/44 [adder (3)]
  3973 | D:5      | Found a burning altar of Makhleb.
  4039 | D:5      | Reached XP level 8. HP: 41/51 MP: 8/8
  4753 | D:6      | Reached skill level 5 in Maces & Flails
  4950 | D:6      | Identified the +0 scale mail "Asimpur" {Regen+ Str+3 Dex+5}
  5836 | D:7      | Found a runed translucent door.
  5837 | D:7      | Noticed Crazy Yiuf
  5844 | D:7      | Killed Crazy Yiuf
  5904 | D:7      | Found a runed translucent gate.
  5905 | D:7      | Found a runed translucent gate.
  5906 | D:7      | Found a runed translucent gate.
  5907 | D:7      | Noticed Pim's ghost (novice OpSh)
  5908 | D:7      | Noticed Pim's ghost (novice OpSh)
  5908 | D:7      | Noticed t4s4d4r's ghost (novice DsFi)
  5975 | D:7      | Found a hide-covered altar of Uskayaw.
  5982 | D:7      | Reached XP level 9. HP: 54/56 MP: 9/9
  6228 | D:7      | Noticed Duvessa
  6238 | D:7      | Killed Duvessa
  6243 | D:7      | Noticed Dowan
  6253 | D:7      | Killed Dowan
  6316 | D:7      | Killed an unseen horror
  6496 | D:7      | Reached ** piety under Wu Jian
  7178 | D:8      | Noticed a two-headed ogre
  7341 | D:7      | Slain by a two-headed ogre

Illustrated notes

Levels and vault maps discovered:
D:1:      mrwooster_arrival_statue, layout_loops_cross
D:2:      layout_basic, basic_altar, kennysheep_cross_room
D:3:      layout_basic, nzn_overflow_gifts_of_might_and_magic,
          grunt_temple_overflow_open
D:4:      layout_layer_cave, nicolae_overflow_crystal_walls,
          minmay_temple_entry_ruins
D:5:      nicolae_cairo_tiling_large_dashed, layout_gridville,
          mainiacjoe_overflow_concentric_impassable
D:6:      minmay_recursive_quarters, layout_basic, serial_bayou_pond_a
D:7:      layout_basic, nicolae_uskayaw_dance_hall, gammafunk_ghost_cemetery,
          uniq_crazy_yiuf_cottage, uniq_duvessa
D:8:      layout_cave_pods, old_standard_altar, zin_treasury,
          david_lair_generic, serial_shops, nicolae_stop_n_shop_2

Skill      XL: |  1  2  3  4  5  6  7  8  9 |
---------------+----------------------------+-----
Fighting       | 4 5 6 8 |  8.2
Armour         | 4 5 6 8 |  8.2
Shields        | 4 5 6 8 |  8.2
Maces & Flails | 3 4 5 7 |  7.1

Action                     |  1- 3 |  4- 6 |  7- 9 || total
---------------------------+-------+-------+-------++-------
  Melee: Flail             |    97 |    37 |       ||   134
         Whip              |       |    62 |   319 ||   381
Ability: Lunge             |       |     7 |    15 ||    22
         Whirlwind         |       |       |     8 ||     8
    Use: Potion            |       |     1 |     2 ||     3
         Scroll            |       |       |    16 ||    16
 Armour: Scale mail        |    65 |   110 |   172 ||   347
         Plate armour      |       |       |   152 ||   152
  Dodge: Dodged            |    44 |    53 |   123 ||   220
  Block: Buckler           |    19 |    30 |    58 ||   107

Table legend: (Time is in decaauts)
 A = Elapsed time spent in this place.
 B = Non-inter-level travel time spent in this place.
 C = Inter-level travel time spent in this place.
 D = Time resting spent in this place.
 E = Time spent auto-exploring this place.
 F = Levels seen in this place.
 G = Mean time per level.
                   A        B        C        D        E       F      G
               +--------+--------+--------+--------+--------+-----+--------+
         Total |   7337 |   7205 |    132 |    966 |   5095 |   8 |  917.1 |
       Dungeon |   7337 |   7205 |    132 |    966 |   5095 |   8 |  917.1 |
               +--------+--------+--------+--------+--------+-----+--------+

Top non-repeatable levels by time:
     D:7: 1458 daAuts
     D:3: 1237 daAuts
     D:6: 1177 daAuts
     D:5: 1107 daAuts
     D:4: 890 daAuts
     D:1: 722 daAuts
     D:2: 660 daAuts
     D:8: 83 daAuts
